 Dungeon Crawl Stone Soup version 0.29.1-1-gd02db6906a (webtiles) character file.

Game seed: 7165608872054236103

4 xian the Trooper (level 1, -1/14 HPs)
             Began as a Gargoyle Berserker on Sept 17, 2022.
             Was a Follower of Trog.
             Slain by a ball python (3 damage)
             ... on level 1 of the Dungeon.
             The game lasted 00:00:35 (197 turns).

xian the Trooper (Gargoyle Berserker)                Turns: 197, Time: 00:00:36

Health: -1/14      AC:  4    Str: 20    XL:     1   Next: 70%
Magic:  1/1        EV: 12    Int:  7    God:    Trog [*.....]
Gold:   0          SH:  0    Dex:  9    Spells: 0/0 levels left

rFire   . . .      SeeInvis .   a - +0 mace
rCold   . . .      Faith    .   (no shield)
rNeg    + . .      Spirit   .   b - +0 animal skin
rPois   ∞          Reflect  .   (no helmet)
rElec   +          Harm     .   (no cloak)
rCorr   .          Rampage  .   (no gloves)
Will    .....                   (no boots)
Stlth   +.........              (no amulet)
HPRegen 0.04/turn               (no ring)
MPRegen 0.07/turn               (no ring)

@: no status effects
A: sickness immunity, AC +2, negative energy resistance 1, electricity
resistance, torment resistance 1, petrification resistance
a: Renounce Religion, Berserk


You were on level 1 of the Dungeon.
You worshipped Trog.
Trog was aware of your devotion.
You visited 1 branch of the dungeon, and saw 1 of its levels.

Inventory:

Hand Weapons
 a - a +0 mace (weapon)
Armour
 b - a +0 animal skin (worn)
Potions
 c - a potion of brilliance {unknown}


   Skills:
 + Level 3.4 Fighting
 + Level 3.1 Maces & Flails
 + Level 2.2 Armour
 + Level 1.7 Dodging


You couldn't memorise any spells.
You didn't know any spells.
Your spell library was empty.

Dungeon Overview and Level Annotations

Branches:
Dungeon (1/15)

Altars:


Innate Abilities, Weirdness & Mutations

You are immune to sickness and miasma.
Your stone body is resilient. (AC +2)
You are immune to poison.
You resist negative energy. (rN+)
You are resistant to electric shocks. (rElec)
You are resistant to unholy torment.
You are immune to petrification.


Message History

The kobold shouts!
You hear an angry hiss.
An endoplasm comes into view.
A ball python comes into view.
The ball python hisses angrily.
The kobold throws a stone.
The stone closely misses you. The kobold barely misses you.
You closely miss the kobold. The kobold misses you.
The ball python closely misses you. The ball python grabs you.
The ball python constricts you.
You closely miss the kobold.
The ball python bites you but does no damage.
The ball python constricts you.
The kobold hits you with a +4 short sword of freezing.
The kobold freezes you.
The endoplasm quivers.
You hit the kobold.
The kobold is severely wounded.
The ball python bites you. The ball python constricts you.
The kobold hits you with a +4 short sword of freezing.
The kobold freezes you.
* * * LOW HITPOINT WARNING * * *
The ball python closely misses you. The ball python constricts you.
* * * LOW HITPOINT WARNING * * *
You escape the ball python's grasp.
The kobold hits you but does no damage.
You closely miss the ball python.
The kobold hits you with a +4 short sword of freezing.
* * * LOW HITPOINT WARNING * * *
The kobold freezes you.
* * * LOW HITPOINT WARNING * * *
The ball python completely misses you. x2
The kobold hits you but does no damage.
You thump the endoplasm!
You kill the endoplasm!
Trog accepts your kill.
The ball python barely misses you. x2; The kobold barely misses you.
Unknown command.
You barely miss the ball python. The ball python barely misses you. x2
The kobold misses you. The ball python bites you.
You die...

..#...... .........
#.......## .........#
#........# #........#####
#............# ###
#......KS....### #..
#.#####.@....'.####.#
#......#.#....#
#......#.#....# # #
#......#.#....# +. #.
#......#.#....####
#..#.######.....#.####....##
#.........+.......# #.##..#
#........##.....######.###.#
#.......†.†.........)..# #.#


You could see a ball python and a kobold.

Vanquished Creatures
  2 endoplasms (D:1)
  A quokka (D:1)
  A rat (D:1)
4 creatures vanquished.

Notes
Turn   | Place    | Note
-------+----------+-------------------------------------------
     0 | D:1      | xian the Gargoyle Berserker began the quest for the Orb.
     0 | D:1      | Reached XP level 1. HP: 14/14 MP: 1/1
   197 | D:1      | Slain by a ball python

Illustrated notes

Levels and vault maps discovered:
D:1:      lemuel_arrival_cross, layout_basic, minmay_door_square

Action                   || total
-------------------------++-------
Melee: Mace              ||    15
Armor: Animal skin       ||     5
Dodge: Dodged            ||    22
